SAAA
TORTOLITA DRUMMERS @ PAWNEE PARKSNREC
09/01/2020
 
TOP OF THE 1ST
Tortolita Drummers batting - Pitching for Pawnee ParksNRec : LHP Jim Unknown
Pitching: LHP Jim Unknown
Batting: RHB Dan Lewis 0-0: Called Strike
0-1: Called Strike
0-2: Ball
1-2: Ball
2-2: Foul Ball, location: 2F
2-2: Strikes out swinging
Batting: LHB Pat McJannett 0-0: Ball
1-0: Called Strike
1-1: Ground out 6-3 (Groundball, 6M)
Batting: RHB Lonnie Conrad 0-0: Ball
1-0: Ball
2-0: SINGLE (Line Drive, 6MD)
Batting: SHB Yosuke Kiyomizu 0-0: Fly out, F9 (Line Drive, 89S)
Top of the 1st over - 0 run(s), 1 hit(s), 0 error(s), 1 left on base; Tortolita 0 - Pawnee 0
BOTTOM OF THE 1ST
Pawnee ParksNRec batting - Pitching for Tortolita Drummers : LHP Kaluka Wene
Pitching: LHP Kaluka Wene
Batting: RHB Mo Zhou 0-0: Ball
1-0: Swinging Strike
1-1: Ball
2-1: Swinging Strike
2-2: Strikes out swinging
Batting: RHB Jim Unknown 0-0: Ball
1-0: Fly out, F8 (Flyball, 8RM)
Batting: RHB Jim Unknown 0-0: Swinging Strike
0-1: Foul Ball, location: 2F
0-2: Ball
1-2: Foul Ball, location: 2F
1-2: Ball
2-2: Strikes out swinging
Bottom of the 1st over - 0 run(s), 0 hit(s), 0 error(s), 0 left on base; Tortolita 0 - Pawnee 0
TOP OF THE 2ND
Tortolita Drummers batting - Pitching for Pawnee ParksNRec : LHP Jim Unknown
Batting: LHB Keith Spear 0-0: Ball
1-0: Called Strike
1-1: Ball
2-1: Swinging Strike
2-2: Ball
3-2: Fly out, F8 (Flyball, 8LXD)
Batting: RHB Jim Harris 0-0: Called Strike
0-1: Swinging Strike
0-2: Ball
1-2: Strikes out swinging
Batting: LHB Gonzalo Féliz 0-0: Ball
1-0: Called Strike
1-1: Fly out, F7 (Line Drive, 7M)
Top of the 2nd over - 0 run(s), 0 hit(s), 0 error(s), 0 left on base; Tortolita 0 - Pawnee 0
BOTTOM OF THE 2ND
Pawnee ParksNRec batting - Pitching for Tortolita Drummers : LHP Kaluka Wene
Batting: RHB Mark Allen 0-0: Reached on error, E5 (Groundball, 56)
Batting: RHB Jim Unknown 0-0: Ball
1-0: Ball
2-0: Swinging Strike
2-1: Foul Ball, location: 2F
2-2: Foul Ball, location: 2F
2-2: Foul Ball, location: 2F
2-2: Fielders Choice at 2nd, 6-4 (Groundball, 6)
Batting: RHB Eldon McGillivour 0-0: Ball
1-0: Ball
2-0: Called Strike
2-1: Ball
3-1: Called Strike
3-2: Fly out, F9 (Line Drive, 9M)
3-2: Fly out, F9 (Line Drive, 9M)
Batting: RHB Jim Unknown 0-0: Called Strike
0-1: Ball
1-1: Ball
2-1: Ball
3-1: Called Strike
3-2: Ground out 5-3 (Groundball, 56)
Bottom of the 2nd over - 0 run(s), 0 hit(s), 1 error(s), 1 left on base; Tortolita 0 - Pawnee 0
TOP OF THE 3RD
Tortolita Drummers batting - Pitching for Pawnee ParksNRec : LHP Jim Unknown
Batting: RHB Ray Whittier 0-0: Called Strike
0-1: Foul Ball, location: 2F
0-2: Strikes out swinging
Batting: RHB Ron Humboldt 0-0: Swinging Strike
0-1: Foul Ball, location: 2F
0-2: Ball
1-2: Ball
2-2: Ground out 4-3 (Groundball, 4)
Batting: RHB Dan Lewis 0-0: Ball
1-0: Foul Ball, location: 2F
1-1: Ball
2-1: Swinging Strike
2-2: Foul Ball, location: 2F
2-2: Ground out 5-3 (Groundball, 5S)
Top of the 3rd over - 0 run(s), 0 hit(s), 0 error(s), 0 left on base; Tortolita 0 - Pawnee 0
BOTTOM OF THE 3RD
Pawnee ParksNRec batting - Pitching for Tortolita Drummers : LHP Kaluka Wene
Batting: LHB Jim Unknown 0-0: Ball
1-0: Called Strike
1-1: SINGLE (Groundball, 4M)
Batting: RHB Andre Dixon 0-0: Ball
1-0: Ball
2-0: Foul Ball, location: 2F
2-1: Foul Ball, location: 2F
2-2: Grounds into double play, 1-6-3 (Groundball, 13)
Batting: RHB Mo Zhou 0-0: Called Strike
0-1: Swinging Strike
0-2: Ball
1-2: Foul Ball, location: 2F
1-2: Strikes out swinging
Bottom of the 3rd over - 0 run(s), 1 hit(s), 0 error(s), 0 left on base; Tortolita 0 - Pawnee 0
TOP OF THE 4TH
Tortolita Drummers batting - Pitching for Pawnee ParksNRec : LHP Jim Unknown
Batting: LHB Pat McJannett 0-0: Called Strike
0-1: Ball
1-1: Ground out 4-3 (Groundball, 4)
Batting: RHB Lonnie Conrad 0-0: Ball
1-0: Called Strike
1-1: Swinging Strike
1-2: Foul Ball, location: 2F
1-2: DOUBLE (Groundball, 3L)
Batting: SHB Yosuke Kiyomizu 0-0: Called Strike
0-1: Ball
1-1: Foul Ball, location: 2F
1-2: Fly out, F3 (Popup, 3)
Batting: LHB Keith Spear 0-0: Ball
1-0: Ball
2-0: Ground out 4-3 (Groundball, 4M)
Top of the 4th over - 0 run(s), 1 hit(s), 0 error(s), 1 left on base; Tortolita 0 - Pawnee 0
BOTTOM OF THE 4TH
Pawnee ParksNRec batting - Pitching for Tortolita Drummers : LHP Kaluka Wene
Batting: RHB Jim Unknown 0-0: Swinging Strike
0-1: Ground out 5-3 (Groundball, 56)
Batting: RHB Jim Unknown 0-0: Fly out, F4 (Popup, 34D)
Batting: RHB Mark Allen 0-0: Swinging Strike
0-1: Called Strike
0-2: Strikes out swinging
Bottom of the 4th over - 0 run(s), 0 hit(s), 0 error(s), 0 left on base; Tortolita 0 - Pawnee 0
TOP OF THE 5TH
Tortolita Drummers batting - Pitching for Pawnee ParksNRec : LHP Jim Unknown
Batting: RHB Jim Harris 0-0: Foul Ball, location: 2F
0-1: Foul Ball, location: 2F
0-2: Fly out, F4 (Line Drive, 4)
Batting: LHB Gonzalo Féliz 0-0: Called Strike
0-1: Ball
1-1: Called Strike
1-2: Ball
2-2: Fly out, F7 (Flyball, 7S)
Batting: RHB Ray Whittier 0-0: Ground out 6-3 (Groundball, 6)
Top of the 5th over - 0 run(s), 0 hit(s), 0 error(s), 0 left on base; Tortolita 0 - Pawnee 0
BOTTOM OF THE 5TH
Pawnee ParksNRec batting - Pitching for Tortolita Drummers : LHP Kaluka Wene
Batting: RHB Jim Unknown 0-0: Foul Ball, location: 2F
0-1: Ball
1-1: Ball
2-1: Ground out 6-3 (Groundball, 6)
Batting: RHB Eldon McGillivour 0-0: Ball
1-0: Ball
2-0: Called Strike
2-1: Ball
3-1: SINGLE (Groundball, 6MD)
Batting: RHB Jim Unknown 0-0: Ball
1-0: Swinging Strike
1-1: Ball
2-1: Foul Ball, location: 2F
2-2: Ball
3-2: Base on Balls
Eldon McGillivour to second
Batting: LHB Jim Unknown 0-0: Ball
1-0: Ball
2-0: Ball
3-0: Base on Balls
Eldon McGillivour to third
Jim Unknown to second
Batting: RHB Andre Dixon 0-0: Ball
1-0: Called Strike
1-1: Foul Ball, location: 2F
Reached via error on a dropped throw, E6
Eldon McGillivour scores
Jim Unknown to third
Jim Unknown to second
Batting: RHB Mo Zhou 0-0: Called Strike
0-1: Ball
1-1: Ground out 3-1 (Groundball, 34)
Jim Unknown scores
Jim Unknown to third
Andre Dixon to second
Batting: RHB Jim Unknown 0-0: Foul Ball, location: 2F
0-1: Foul Ball, location: 2F
0-2: Ball
1-2: Ball
2-2: Foul Ball, location: 2F
2-2: Strikes out looking
Bottom of the 5th over - 2 run(s), 1 hit(s), 1 error(s), 2 left on base; Tortolita 0 - Pawnee 2
TOP OF THE 6TH
Tortolita Drummers batting - Pitching for Pawnee ParksNRec : LHP Jim Unknown
Batting: RHB Ron Humboldt 0-0: Foul Ball, location: 2F
0-1: Ball
1-1: Swinging Strike
1-2: Foul Ball, location: 2F
1-2: Ball
2-2: Fly out, F9 (Flyball, 9S)
Batting: RHB Dan Lewis 0-0: Swinging Strike
0-1: Foul Ball, location: 2F
0-2: Ball
1-2: Fly out, F8 (Flyball, 8RS)
Batting: LHB Pat McJannett 0-0: Swinging Strike
0-1: Called Strike
0-2: Ball
1-2: Strikes out swinging
Top of the 6th over - 0 run(s), 0 hit(s), 0 error(s), 0 left on base; Tortolita 0 - Pawnee 2
BOTTOM OF THE 6TH
Pawnee ParksNRec batting - Pitching for Tortolita Drummers : LHP Kaluka Wene
Batting: RHB Jim Unknown 0-0: Foul Ball, location: 2F
0-1: Foul Ball, location: 2F
0-2: Ball
1-2: Ball
2-2: Foul Ball, location: 2F
2-2: Fly out, F4 (Popup, 34)
Batting: RHB Mark Allen 0-0: Called Strike
0-1: Foul Ball, location: 2F
0-2: Ground out 4-3 (Groundball, 4M)
Batting: RHB Jim Unknown 0-0: Called Strike
0-1: Ball
1-1: Foul Ball, location: 2F
1-2: Strikes out swinging
Bottom of the 6th over - 0 run(s), 0 hit(s), 0 error(s), 0 left on base; Tortolita 0 - Pawnee 2
TOP OF THE 7TH
Tortolita Drummers batting - Pitching for Pawnee ParksNRec : LHP Jim Unknown
Batting: RHB Lonnie Conrad 0-0: SOLO HOME RUN (Line Drive, 7D), Distance : 395 ft
Batting: SHB Yosuke Kiyomizu 0-0: Called Strike
0-1: SINGLE (Line Drive, 6D)
Pinch Hitting: RHB Eduardo Alvarado 0-0: Ball
1-0: Foul Ball, location: 2F
Single, Error in OF, E9, batter to second base
Yosuke Kiyomizu to third
Pinch Hitting: RHB Anastasio Cabanillas 0-0: Called Strike
0-1: Called Strike
0-2: Ball
1-2: Strikes out swinging
Pinch Hitting: RHB Robert Bailey 0-0: Called Strike
0-1: Swinging Strike
0-2: Ball
1-2: Strikes out swinging
Batting: RHB Ray Whittier 0-0: Fly out, F9 (Flyball, 9M)
Top of the 7th over - 1 run(s), 3 hit(s), 1 error(s), 2 left on base; Tortolita 1 - Pawnee 2
BOTTOM OF THE 7TH
Pawnee ParksNRec batting - Pitching for Tortolita Drummers : LHP Kaluka Wene
Now at SS: Hunter Curtis
Now in LF: Anastasio Cabanillas
Now in CF: Robert Bailey
Batting: RHB Eldon McGillivour 0-0: Called Strike
0-1: Foul Ball, location: 2F
0-2: Ball
1-2: Strikes out swinging
Batting: RHB Jim Unknown 0-0: Foul Ball, location: 2F
0-1: Ball
1-1: Foul Ball, location: 2F
1-2: Strikes out swinging
Batting: LHB Jim Unknown 0-0: Fly out, F8 (Flyball, 8LD)
Bottom of the 7th over - 0 run(s), 0 hit(s), 0 error(s), 0 left on base; Tortolita 1 - Pawnee 2
TOP OF THE 8TH
Tortolita Drummers batting - Pitching for Pawnee ParksNRec : LHP Jim Unknown
Batting: RHB Ron Humboldt 0-0: Ball
1-0: Fly out, F9 (Line Drive, 9LM)
Batting: RHB Dan Lewis 0-0: Ground out U3 (Groundball, 3S)
Batting: LHB Pat McJannett 0-0: Swinging Strike
0-1: Ball
1-1: Ball
2-1: Ball
3-1: Called Strike
3-2: Ground out 4-3 (Groundball, 4)
Top of the 8th over - 0 run(s), 0 hit(s), 0 error(s), 0 left on base; Tortolita 1 - Pawnee 2
BOTTOM OF THE 8TH
Pawnee ParksNRec batting - Pitching for Tortolita Drummers : LHP Kaluka Wene
Batting: RHB Andre Dixon 0-0: Ball
1-0: Called Strike
1-1: SINGLE (Groundball, 15S) (infield hit)
Batting: RHB Mo Zhou 0-0: Sac Bunt - play at first, batter OUT! 5-4
Andre Dixon to second
Batting: RHB Jim Unknown 0-0: Ball
1-0: Ball
2-0: SINGLE (Groundball, 5D)
Andre Dixon to third
Batting: RHB Jim Unknown 0-0: Foul Ball, location: 2F
0-1: SINGLE (Line Drive, 78M)
Andre Dixon scores
Jim Unknown to second
Batting: RHB Mark Allen 0-0: Ball
1-0: Called Strike
1-1: Called Strike
1-2: Ball
2-2: Foul Ball, location: 2F
2-2: Fly out, F8 (Flyball, 8RD)
Runner from 2nd tags up, SAFE at 3rd, no throw
Batting: RHB Jim Unknown 0-0: Fly out, F8 (Flyball, 8LM)
Bottom of the 8th over - 1 run(s), 3 hit(s), 0 error(s), 2 left on base; Tortolita 1 - Pawnee 3
TOP OF THE 9TH
Tortolita Drummers batting - Pitching for Pawnee ParksNRec : LHP Jim Unknown
Batting: RHB Lonnie Conrad 0-0: Ball
1-0: Ball
2-0: SINGLE (Line Drive, 4MD)
Pitching: RHP Jesse Bowling
Batting: SHB Yosuke Kiyomizu 0-0: DOUBLE (Flyball, 78D)
Lonnie Conrad to third
Pinch Hitting: LHB Jesse Taylor 0-0: Ball
1-0: Ball
2-0: Called Strike
2-1: Ball
3-1: Base on Balls
Batting: RHB Anastasio Cabanillas 0-0: Ball
1-0: SINGLE (Line Drive, 56D)
Lonnie Conrad scores
Yosuke Kiyomizu to third
Jesse Taylor to second
Batting: RHB Robert Bailey 0-0: Called Strike
0-1: Foul Ball, location: 2F
0-2: Strikes out swinging
Pinch Hitting: RHB Richard Ollivier 0-0: Swinging Strike
0-1: Ball
Wild Pitch!
Yosuke Kiyomizu scores
Jesse Taylor to third
Anastasio Cabanillas to second
1-1: Intentional Walk
Batting: RHB Ron Humboldt 0-0: Ball
1-0: Foul Ball, location: 2F
1-1: Called Strike
1-2: Foul Ball, location: 2F
1-2: Ball
2-2: Ball
3-2: Strikes out swinging
Batting: RHB Dan Lewis 0-0: Ball
1-0: Foul Ball, location: 2F
1-1: Ball
2-1: Fly out, F8 (Flyball, 8LD)
Top of the 9th over - 2 run(s), 3 hit(s), 0 error(s), 3 left on base; Tortolita 3 - Pawnee 3
BOTTOM OF THE 9TH
Pawnee ParksNRec batting - Pitching for Tortolita Drummers : LHP Kaluka Wene
Now at C: Caleb Mitchell
Now at 3B: Jesse Taylor
Batting: RHB Eldon McGillivour 0-0: Ball
1-0: Called Strike
1-1: Foul Ball, location: 2F
1-2: Ground out 4-3 (Groundball, 4)
Batting: RHB Jim Unknown 0-0: Ball
1-0: Swinging Strike
1-1: Ground out 4-3 (Groundball, 4)
Pinch Hitting: RHB Miguel Silva 0-0: Ball
1-0: Ball
2-0: Called Strike
2-1: Ball
3-1: Fly out, F9 (Line Drive, 9M)
Bottom of the 9th over - 0 run(s), 0 hit(s), 0 error(s), 0 left on base; Tortolita 3 - Pawnee 3
TOP OF THE 10TH
Tortolita Drummers batting - Pitching for Pawnee ParksNRec : RHP Jesse Bowling
Now at 1B: Miguel Silva
Batting: LHB Pat McJannett 0-0: Ball
1-0: Called Strike
1-1: Foul Ball, location: 2F
1-2: Foul Ball, location: 2F
1-2: Fly out, F8 (Flyball, 8RXD)
Batting: RHB Lonnie Conrad 0-0: Ball
1-0: Ball
2-0: Foul Ball, location: 2F
2-1: SINGLE (Groundball, 56D)
Batting: SHB Yosuke Kiyomizu 0-0: Foul Ball, location: 2F
0-1: Swinging Strike
0-2: Fly out, F9 (Flyball, 9D)
Batting: LHB Jesse Taylor 0-0: Ball
1-0: Called Strike
1-1: Called Strike
1-2: Foul Ball, location: 2F
1-2: Ground out 1-3 (Groundball, 13S)
Top of the 10th over - 0 run(s), 1 hit(s), 0 error(s), 1 left on base; Tortolita 3 - Pawnee 3
BOTTOM OF THE 10TH
Pawnee ParksNRec batting - Pitching for Tortolita Drummers : LHP Kaluka Wene
Batting: RHB Andre Dixon 0-0: Called Strike
0-1: Reached on error, E4 (Groundball, 4)
Batting: RHB Mo Zhou 0-0: Intentional Walk
Pitching: LHP Parker Cooke
Batting: RHB Jim Unknown 0-0: Foul Ball, location: 2F
0-1: Ball
1-1: Fly out, F7 (Flyball, 78S)
Batting: RHB Jim Unknown 0-0: Ball
1-0: Called Strike
1-1: SINGLE (Groundball, 56D)
Andre Dixon to third
Mo Zhou to second
Runner from 3rd tries for Home, SAFE, no throw or cutoff
This league is powered by Out of the Park Baseball, the baseball management simulation game for PC, Mac and Linux
Friday, October 23rd, 2015 - OOTP Baseball 16.9 Build 39